 Dungeon Crawl Stone Soup version 0.32-a0-999-gfa1cc04b1d (webtiles) character file.

Game seed: 904686669063286141

2132 ragingrage the Mimic (level 8, -11/63 HPs)
             Began as a Demigod Shapeshifter on Apr 24, 2024.
             Mangled by a wyvern (14 damage)
             ... on level 7 of the Dungeon.
             The game lasted 00:07:01 (6451 turns).

ragingrage the Mimic (Demigod Shapeshifter)         Turns: 6451, Time: 00:07:02

Health: -11/63     AC:  6    Str: 23 (26) XL:     8   Next: 82%
Magic:  10/10      EV: 10    Int:  8 (10) God:
Gold:   593        SH:  0    Dex: 12 (13) Spells: 7/7 levels left

rFire   . . .        b - +8 dagger of Paper {flame, rC+ Str+3 Int-2}
rCold   + + .        (no shield)
rNeg    . . .        F - +3 leather armour {rC+}
rPois   .            (helmet currently unavailable)
rElec   .            (cloak currently unavailable)
rCorr   .            (gloves currently unavailable)
SInv    .            (boots currently unavailable)
Will    .....        (no amulet)
Stlth   ++           (no ring)
HPRegen 0.30/turn    (no ring)
MPRegen 0.12/turn

%: no passive effects
@: mighty, beast-form
A: beast (slay +4), high MP 1, forlorn, divine attributes
a: Begin Untransformation


You were on level 7 of the Dungeon.
You were a hulking beast.
You visited 1 branch of the dungeon, and saw 7 of its levels.
You also visited: Ossuary.

You collected 693 gold pieces.
You spent 100 gold pieces at shops.

Inventory:

Hand Weapons
 a - a +0 short sword of venom
 b - the +8 dagger of Paper (weapon) {flame, rC+ Str+3 Int-2}
   (You found it on level 3 of the Dungeon)

   Str+3:     It affects your strength (+3).
   Int-2:     It affects your intelligence (-2).
   rC+:       It protects you from cold.
Missiles
 o - 20 poisoned darts (quivered)
Armour
 s - a +1 pair of gloves
 F - a +3 leather armour of cold resistance (worn)
 I - a +0 pair of boots
 J - a +0 pair of gloves
Jewellery
 p - a ring of fire
 B - a ring of fire
 G - an amulet of reflection
Talismans
 c - a beast talisman (active)
 d - a flux talisman
 m - a granite talisman
 r - a maw talisman
Wands
 D - a wand of flame (25)
Scrolls
 e - a scroll of amnesia {unknown}
 f - 2 scrolls of summoning {unknown}
 h - 7 scrolls of identify {unknown}
 n - 3 scrolls of fog {unknown}
 u - 3 scrolls of vulnerability {unknown}
 v - 2 scrolls of fear {unknown}
 w - a scroll of revelation {unknown}
 x - 2 scrolls of immolation {unknown}
 y - 3 scrolls of poison {unknown}
 A - 2 scrolls of teleportation {unknown}
 C - a scroll of enchant weapon {unknown}
 H - 2 scrolls of blinking {unknown}
 K - a scroll of silence {unknown}
Potions
 g - 3 potions of degeneration
 i - a potion of invisibility {unknown}
 j - 3 potions of cancellation
 k - a potion of magic {unknown}
 l - a potion of curing {unknown}
 q - 4 potions of haste
 t - 2 potions of enlightenment {unknown}
 z - a potion of resistance {unknown}
 E - a potion of heal wounds {unknown}
 L - a potion of might
 M - a potion of brilliance {unknown}


   Skills:
 - Level 3.0 Fighting
 - Level 4.0 Short Blades
 - Level 1.7 Dodging
 - Level 2.0 Stealth
 + Level 5.0 Unarmed Combat
 + Level 8.2 Shapeshifting


You had 7 spell levels left.
You didn't know any spells.
Your spell library contained the following spells:

 Spells                   Type           Power      Damage    Failure   Level
 Apportation              Tloc           0%         N/A       45%         1
 Magic Dart               Conj           0%         1d3       45%         1
 Slow                     Hex            0%         N/A       45%         1
 Call Imp                 Summ           0%         N/A       58%         2
 Jinxbite                 Hex            0%         N/A       58%         2
 Sublimation of Blood     Necr           0%         N/A       58%         2
 Dazzling Flash           Conj/Hex       0%         N/A       83%         3
 Mephitic Cloud           Conj/Alch/Air  0%         N/A       83%         3
 Leda's Liquefaction      Alch/Erth      0%         N/A       99%         4
 Vhi's Electric Charge    Tloc/Air       0%         N/A       99%         4
 Alistair's Intoxication  Alch           0%         N/A       100%        5
 Arcjolt                  Conj/Air       0%         1d10      100%        5
 Lee's Rapid Deconstruct  Erth           0%         3d4*      100%        5
 Silence                  Hex/Air        0%         N/A       100%        5
 Permafrost Eruption      Ice/Erth       0%         2x4d1     100%        6
 Plasma Beam              Fire/Air       0%         2x1d10    100%        6
 Summon Hydra             Summ           0%         N/A       100%        7


Dungeon Overview and Level Annotations

Branches:
Dungeon (7/15)             Temple (0/1) D:4         Ossuary (visited)

Shops:
D:3 *

Annotations:
D:2 1 runed translucent door, Crazy Yiuf
D:5 3 runed translucent doors, Heh's ghost, novice CoBr


Innate Abilities, Weirdness & Mutations

You are a hulking beast.
Your limbs bulge with bestial killing power. (Slay +4)
You have an increased reservoir of magic. (+10% MP)
You shall have no god before yourself.
Your divine heritage dramatically boosts your attributes as you level up.


Message History

You start resting.
You now have 593 gold pieces (gained 9).
v - 2 scrolls labelled FUATAUD TAEWNUA (gained 1)
M - a lumpy orange potion You open the door.
There is an open door here.
You open the door.
There is an open door here.
You open the door.
An ufetubus, an iguana, a wyvern and 2 shadow imps come into view.
The iguana hisses angrily.
The ufetubus shouts!
The wyvern hisses angrily.
The +8 dagger of Paper {flame, rC+ Str+3 Int-2} stops flaming.
Your +0 short sword of venom begins to drip with poison!
a - a +0 short sword of venom (weapon)
You barely miss the wyvern. The wyvern bites you!
You hit the wyvern but do no damage.
The wyvern is poisoned.
The wyvern bites you! The wyvern barely misses you.
You hit the wyvern.
The wyvern looks as sick as possible!
The wyvern bites you.
You are too injured to fight recklessly!
Your +0 short sword of venom stops dripping with poison.
You feel stronger.
You feel stupid.
The +8 dagger of Paper {flame, rC+ Str+3 Int-2} bursts into flame!
b - the +8 dagger of Paper (weapon)
{flame, rC+ Str+3 Int-2} The wyvern bites you!
You hit the wyvern. You burn the wyvern. The wyvern closely misses you.
You closely miss the wyvern. The wyvern bites you!
* * * LOW HITPOINT WARNING * * *
You hit the wyvern. You burn the wyvern. The wyvern closely misses you.
It was a potion of degeneration.
There was something very wrong with that liquid.
You feel weakened.
You feel dopey.
You feel clumsy. The wyvern barely misses you. The wyvern bites you!
* * * LOW HITPOINT WARNING * * *
It was a potion of cancellation.
You feel magically purged. The wyvern barely misses you.
It was a potion of might.
You feel very mighty all of a sudden. The wyvern barely misses you.
The wyvern bites you!
You die...

#### ######..## ##..##....#
#....'....####
#....##).##..#####
####..#####'....#...
##..#'## )$##....####
#....##.....##..#####
#...hk5l.... ##'##...
##..##5..ß.. ##..##.. ##+#
$.... +....###
....##....#.. ####
$$##'#..##.. ###..#
+#####..####... ##...###
##..##....##....
##..##..####....'....##..<.
#..###.....#....##..##.....


You could see a wyvern (very poisoned), an iguana and 2 shadow imps.

Vanquished Creatures
  2 sky beasts (D:6)
  An ice beast (D:6)
  2 black bears
  An ogre (D:6)
  2 centaurs (D:7)
  A phantom (D:4)
  A kobold brigand (D:4)
  An elf zombie (Ossuary)
  A weeping skull (Ossuary)
  2 bullfrogs
  A scorpion (D:5)
  A burial acolyte (Ossuary)
  A wight (D:6)
  2 jellies (D:6)
  A howler monkey (D:5)
  A bombardier beetle (D:7)
  5 hounds
  A human zombie (Ossuary)
  3 sleepcaps
  2 iguanas
  2 orc priests (D:6)
  2 orc wizards (D:6)
  2 mummies (Ossuary)
  2 howler monkey zombies (Ossuary)
  3 gnolls (D:5)
  9 adders
  6 white imps
  2 ufetubi (D:6)
  4 dart slugs
  A ribbon worm (D:3)
  7 orcs
  3 ball pythons
  5 bats
  8 endoplasms
  4 giant cockroaches
  12 hobgoblins
  6 jackals (D:2)
  7 kobolds
  4 quokkas
  2 frilled lizards
  10 goblins
  An orc zombie (Ossuary)
  4 rats
138 creatures vanquished.

Notes
Turn   | Place    | Note
-------+----------+-------------------------------------------
     0 | D:1      | ragingrage the Demigod Shapeshifter began the quest for the
                  | Orb.
     0 | D:1      | Reached XP level 1. HP: 15/15 MP: 3/3
   136 | D:1      | Reached skill level 1 in Stealth
   175 | D:1      | Reached XP level 2. HP: 19/22 MP: 4/4
  1130 | D:2      | Reached XP level 3. HP: 27/27 MP: 5/5
  1483 | D:2      | Found a runed translucent door.
  1484 | D:2      | Noticed Crazy Yiuf
  1906 | D:3      | Reached skill level 1 in Fighting
  2143 | D:3      | Reached XP level 4. HP: 34/35 MP: 6/6
  2156 | D:3      | Identified the +8 dagger of Paper {flame, rC+ Str+3 Int-2}
  2258 | D:3      | Found Uggakk's General Store.
  2263 | D:3      | Noticed a black bear
  2277 | D:3      | Killed a black bear
  2278 | D:3      | Reached skill level 3 in Shapeshifting
  2278 | D:3      | Reached XP level 5. HP: 15/41 MP: 7/7
  2379 | D:3      | Bought a potion of haste for 100 gold pieces
  2873 | D:4      | Reached skill level 1 in Short Blades
  2936 | D:4      | Found a staircase to the Ecumenical Temple.
  3000 | D:4      | Got An Exordium to the Power of Words
  3126 | D:4      | Reached XP level 6. HP: 46/51 MP: 8/8
  3749 | D:5      | Entered Level 5 of the Dungeon
  3753 | D:5      | Reached skill level 4 in Shapeshifting
  3989 | D:5      | Found a runed translucent gate.
  3991 | D:5      | Found a runed translucent gate.
  3992 | D:5      | Noticed Heh's ghost (novice CoBr)
  3994 | D:5      | Found a runed translucent gate.
  4004 | D:5      | Identified the +9 mace of Uncertain Death {freeze, rN++
                  | Int-5 Dex+4}
  4004 | D:5      | Identified the +0 scale mail "Zacuclib" {rF+ rC+}
  4206 | D:5      | Identified the +0 robe "Moruh" {rF+ Str+3}
  4578 | D:6      | Reached XP level 7. HP: 49/57 MP: 9/9
  4592 | D:6      | Found a sand-covered staircase.
  4611 | Ossuary  | Entered an ossuary
  4611 | Ossuary  | Found a huge runed translucent gate.
  4611 | Ossuary  | Found a huge runed translucent gate.
  4611 | Ossuary  | Found a huge runed translucent gate.
  4611 | Ossuary  | Found a huge runed translucent gate.
  4611 | Ossuary  | Found a huge runed translucent gate.
  4611 | Ossuary  | Found a huge runed translucent gate.
  4611 | Ossuary  | Found a huge runed translucent gate.
  4611 | Ossuary  | Found a huge runed translucent gate.
  4611 | Ossuary  | Found a huge runed translucent gate.
  4613 | Ossuary  | Found a huge runed translucent gate.
  4613 | Ossuary  | Found a huge runed translucent gate.
  4614 | Ossuary  | Found a huge runed translucent gate.
  4614 | Ossuary  | Found a huge runed translucent gate.
  4616 | Ossuary  | Found a huge runed translucent gate.
  4616 | Ossuary  | Found a huge runed translucent gate.
  4625 | Ossuary  | Reached skill level 5 in Shapeshifting
  4625 | Ossuary  | Found a huge runed translucent gate.
  4625 | Ossuary  | Found a huge runed translucent gate.
  4625 | Ossuary  | Found a huge runed translucent gate.
  4625 | Ossuary  | Found a huge runed translucent gate.
  4625 | Ossuary  | Found a huge runed translucent gate.
  4626 | Ossuary  | Found a huge runed translucent gate.
  4626 | Ossuary  | Found a huge runed translucent gate.
  4628 | Ossuary  | Found a huge runed translucent gate.
  4628 | Ossuary  | Found a huge runed translucent gate.
  4629 | Ossuary  | Found a huge runed translucent gate.
  4629 | Ossuary  | Found a huge runed translucent gate.
  4630 | Ossuary  | Found a huge runed translucent gate.
  4630 | Ossuary  | Found a huge runed translucent gate.
  4632 | Ossuary  | Found a huge runed translucent gate.
  4632 | Ossuary  | Found a huge runed translucent gate.
  4696 | Ossuary  | Found a huge runed translucent gate.
  4696 | Ossuary  | Found a huge runed translucent gate.
  4696 | Ossuary  | Found a huge runed translucent gate.
  4696 | Ossuary  | Found a huge runed translucent gate.
  4696 | Ossuary  | Found a huge runed translucent gate.
  5033 | D:6      | Reached skill level 6 in Shapeshifting
  5076 | D:6      | Reached XP level 8. HP: 50/63 MP: 10/10
  5258 | D:6      | Reached skill level 7 in Shapeshifting
  5970 | D:7      | Reached skill level 8 in Shapeshifting
  6337 | D:7      | Reached skill level 5 in Unarmed Combat
  6449 | D:7      | HP: 2/63 [wyvern (13)]
  6451 | D:7      | Mangled by a wyvern

Illustrated notes

Levels and vault maps discovered:
D:1:      minmay_arrival_four_houses, layout_basic,
          hellmonk_ecumenical_altar_leap_of_faith
D:2:      layout_basic, uniq_crazy_yiuf_cottage
D:3:      layout_basic, serial_shops, nicolae_shop_tiny_statue_garden,
          kennysheep_generic_room_10
D:4:      layout_basic, minmay_temple_entry_sparse_star, minmay_cupped
D:5:      layout_rooms, general_overflow_altar, okawaru_ov_weapons_minmay,
          biasface_ghost_orc_armoury
D:6:      layout_basic, nicolae_gozag_cash_rules_everything_around_me,
          nicolae_ossuary_entry_false_entrances, minmay_checkerbox
D:7:      minmay_bubble_buster, layout_rooms

Skill      XL: |  1  2  3  4  5  6  7  8 |
---------------+-------------------------+-----
Stealth        | 1 2 |  2.0
Unarmed Combat | 3 5 |  5.0
Fighting       | 1 2 3 |  3.0
Shapeshifting  | 3 4 6 8 |  8.2
Short Blades   | 1 3 4 |  4.0
Dodging        | |  1.7

Action                     |  1- 3 |  4- 6 |  7- 9 || total
---------------------------+-------+-------+-------++-------
  Melee: Unarmed           |   125 |     7 |       ||   132
         Punch             |     4 |       |       ||     4
         Short sword       |    35 |   201 |    22 ||   258
         Dagger            |       |       |   140 ||   140
  Throw: Dart              |       |       |     7 ||     7
    Use: Potion            |     1 |       |     3 ||     4
   Stab: Sleeping          |     1 |       |     1 ||     2
         Distracted        |       |       |     1 ||     1
 Armour: Animal skin       |    46 |       |       ||    46
         Skin              |     1 |       |       ||     1
         Ring mail         |     6 |       |       ||     6
         Chain mail        |    40 |   196 |    42 ||   278
         Leather armour    |       |       |    83 ||    83
  Dodge: Dodged            |    98 |    78 |    73 ||   249

Table legend: (Time is in decaauts)
 A = Elapsed time spent in this place.
 B = Non-inter-level travel time spent in this place.
 C = Inter-level travel time spent in this place.
 D = Time resting spent in this place.
 E = Time spent auto-exploring this place.
 F = Levels seen in this place.
 G = Mean time per level.
                   A        B        C        D        E       F      G
               +--------+--------+--------+--------+--------+-----+--------+
         Total |   6384 |   6243 |    141 |    693 |   4320 |   8 |  798.0 |
       Dungeon |   6078 |   5937 |    141 |    532 |   4250 |   7 |  868.3 |
       Ossuary |    305 |    305 |      0 |    161 |     70 |   1 |  305.0 |
               +--------+--------+--------+--------+--------+-----+--------+

Top non-repeatable levels by time:
     D:6: 1011 daAuts
     D:3: 985 daAuts
     D:1: 929 daAuts
     D:2: 918 daAuts
     D:4: 900 daAuts
     D:5: 782 daAuts
     D:7: 551 daAuts
 Ossuary: 305 daAuts
